 Dungeon Crawl Stone Soup version 0.31-a0-1074-g0b22e4e0f1 (webtiles) character file.

Game seed: 17683381858974134594

74 Gelion the Insei (level 4, -7/29 HPs)
             Began as an Octopode Shapeshifter on Dec 5, 2023.
             Killed by divine providence
             ... invoked by an orc priest
              (11 damage)
             ... on level 3 of the Dungeon.
             The game lasted 00:03:24 (1796 turns).

Gelion the Insei (Octopode Shapeshifter)            Turns: 1796, Time: 00:03:25

Health: -7/29      AC:  1    Str: 13    XL:     4   Next: 30%
Magic:  4/4        EV: 13    Int: 12    God:
Gold:   31         SH:  0    Dex: 13    Spells: 3/3 levels left

rFire   . .          .
                       - Unarmed
rCold   . . .        (no shield)
rNeg    + . .        (helmet currently unavailable)
rPois   .            (no amulet)
rElec   .            j - ring of positive energy
rCorr   .            (no ring)
SInv    .            (no ring)
Will    .....        (no ring)
Stlth   ++           (no ring)
HPRegen 0.24/turn    (no ring)
MPRegen 0.09/turn    (no ring)
                     (no ring)

%: no passive effects
@: beast-form
A: beast (slay +1), almost no armour, amphibious, 8 rings, camouflage 1,
gelatinous body 1, (nimble swimmer 1), tentacles
a: Begin Untransformation


You were on level 3 of the Dungeon.
You were a hulking beast.
You visited 1 branch of the dungeon, and saw 3 of its levels.

You collected 55 gold pieces.
You spent 24 gold pieces at shops.

Inventory:

Jewellery
 j - a ring of positive energy (left tentacle)
Talismans
 b - a beast talisman
 c - a flux talisman
Potions
 a - a potion of lignification
 g - a potion of enlightenment
 i - a potion of brilliance


   Skills:
 + Level 2.0 Fighting
 - Level 2.0 Dodging
 * Level 4.1 Unarmed Combat
 + Level 3.4 Shapeshifting


You had 3 spell levels left.
You didn't know any spells.
Your spell library was empty.

Dungeon Overview and Level Annotations

Branches:
Dungeon (3/15)

Altars:

Shops:
D:2 *


Innate Abilities, Weirdness & Mutations

You are a hulking beast.
Your limbs bulge with bestial killing power. (Slay +1)
You cannot wear most types of armour.
You are amphibious.
You can wear up to eight rings at the same time.
Your skin changes colour to match your surroundings (Stealth+).
Your rubbery body absorbs attacks. (AC +1, EV +1)
((You are camouflaged when in or above water. (Stealth+)))
You have tentacles for arms and can constrict up to eight enemies at once.


Message History

The hobgoblin hits you.
You tentacle-slap the hobgoblin. Your grab misses the hobgoblin.
The hobgoblin is almost dead.
The hobgoblin closely misses you.
You tentacle-slap the hobgoblin but do no damage.
You grab the hobgoblin. You tentacle-slap the hobgoblin.
You kill the hobgoblin!
No target in view!
HP restored.
An orc priest and an orc wizard come into view.
The orc priest shouts!
The orc wizard shouts!
You hear a shout!
An orc comes into view. It is wielding a +0 whip.
There are monsters nearby!
An orc comes into view. It is wielding a +0 club.
The orc wizard mumbles some strange words.
The orc wizard flickers and vanishes!
Deactivating autopickup; reactivate with Ctrl-A.
The orc shouts!
A puff of flame appears from out of thin air!
The puff of flame hits you.
The orc priest calls down the wrath of Beogh upon you.
You barely resist.
The orc priest calls down the wrath of Beogh upon you.
Beogh smites you! The orc barely misses you.
You barely miss the orc. Your grab misses the orc. The orc closely misses you.
You barely miss the orc. You grab the orc.
You constrict the orc, but do no damage.
The orc hits you with a +0 whip.
You tentacle-slap the orc.
The orc is severely wounded.
You constrict the orc.
You kill the orc!
You hear some strange, mumbled words.
A puff of flame appears from out of thin air!
The puff of flame hits you.
* * * LOW HITPOINT WARNING * * *
The orc priest mumbles some strange prayers to Beogh against you.
Beogh smites you!
You die...

############## #####
............. #...
...........#######.###
...........#....h)o..#
...........#.#####{#.....
...........#.#....o..#.#.
##...........#.......?.#
#...........#.#..........
#...........# ...{.o..###
#...........#.#.....o...
#...........#+#####..####
#............. ...


You could see an orc priest.

Vanquished Creatures
  An adder (D:2)
  3 dart slugs
  An orc (D:3)
  A bat (D:2)
  6 endoplasms
  4 giant cockroaches (D:2)
  4 goblins
  9 hobgoblins
  3 jackals (D:1)
  3 quokkas
  5 ball pythons (D:1)
  A frilled lizard (D:1)
  7 kobolds
  5 rats
53 creatures vanquished.

Notes
Turn   | Place    | Note
-------+----------+-------------------------------------------
     0 | D:1      | Gelion the Octopode Shapeshifter began the quest for the
                  | Orb.
     0 | D:1      | Reached XP level 1. HP: 13/13 MP: 1/1
   162 | D:1      | Reached XP level 2. HP: 14/18 MP: 2/2
   410 | D:1      | Reached XP level 3. HP: 23/23 MP: 3/3
   979 | D:2      | Reached skill level 4 in Unarmed Combat
  1109 | D:2      | Reached XP level 4. HP: 20/29 MP: 4/4
  1186 | D:2      | Found Gaexot's General Store.
  1193 | D:2      | Bought a scroll of identify for 24 gold pieces
  1796 | D:3      | Killed from afar by an orc priest

Illustrated notes

Levels and vault maps discovered:
D:1:      spicycebolla_arrival_ecumenical, layout_basic
D:2:      layout_loops_ring, serial_shops, nicolae_shop_trees,
          grunt_decor_junction
D:3:      layout_basic, nicolae_tso_swordbearing_angel,
          mainiacjoe_overflow_concentric_impassable

Skill      XL: |  1  2  3  4 |
---------------+-------------+-----
Unarmed Combat | 4 |  4.1
Fighting       | 2 |  2.0
Dodging        | |  2.0
Shapeshifting  | |  3.4

Action                     |  1- 3 |  4- 6 || total
---------------------------+-------+-------++-------
  Melee: Unarmed           |    71 |    19 ||    90
         Constrict         |    21 |     7 ||    28
         Punch             |     3 |     2 ||     5
         Tentacles         |     9 |     5 ||    14
    Use: Scroll            |       |     5 ||     5
   Stab: Sleeping          |     6 |     1 ||     7
 Armour: Skin              |    22 |     7 ||    29
  Dodge: Dodged            |    38 |    10 ||    48

Table legend: (Time is in decaauts)
 A = Elapsed time spent in this place.
 B = Non-inter-level travel time spent in this place.
 C = Inter-level travel time spent in this place.
 D = Time resting spent in this place.
 E = Time spent auto-exploring this place.
 F = Levels seen in this place.
 G = Mean time per level.
                   A        B        C        D        E       F      G
               +--------+--------+--------+--------+--------+-----+--------+
         Total |   1789 |   1700 |     89 |     92 |   1320 |   3 |  596.3 |
       Dungeon |   1789 |   1700 |     89 |     92 |   1320 |   3 |  596.3 |
               +--------+--------+--------+--------+--------+-----+--------+

Top non-repeatable levels by time:
     D:2: 812 daAuts
     D:1: 791 daAuts
     D:3: 185 daAuts
